 Dungeon Crawl Stone Soup version 0.31-a0-232-gb1c03b2570 (webtiles) character file.

Game seed: 2513253304191283015

121 qw the Shooter (level 4, -5/36 HPs)
             Began as a Minotaur Hexslinger on July 7, 2023.
             Slain by an ogre
             ... wielding a +0 giant club
              (24 damage)
             ... on level 4 of the Dungeon.
             The game lasted 00:00:48 (2073 turns).

qw the Shooter (Minotaur Hexslinger)                Turns: 2073, Time: 00:00:48

Health: -5/36      AC:  6    Str: 12    XL:     4   Next: 77%
Magic:  4/4        EV: 11    Int: 10    God:
Gold:   114        SH:  0    Dex: 15    Spells: 4/5 levels left

rFire   . . .        Y - +1 sling
rCold   + . .        (no shield)
rNeg    . . .        a - +0 ring mail
rPois   .            (helmet restricted)
rElec   .            (no cloak)
rCorr   .            i - +0 pair of gloves
SInv    .            (no boots)
Will    .....        (no amulet)
Stlth   +            g - ring of protection from cold
HPRegen 0.26/turn    (no ring)
MPRegen 0.09/turn

%: no passive effects
@: no status effects
A: horns 2, retaliatory headbutt
a: no special abilities


You were on level 4 of the Dungeon.
You visited 1 branch of the dungeon, and saw 4 of its levels.

You collected 114 gold pieces.


Innate Abilities, Weirdness & Mutations

You have a pair of horns on your head.
You reflexively headbutt those who attack you in melee.


   Skills:
 + Level 2.0 Fighting
 - Level 5.0 Ranged Weapons
 - Level 1.6 Armour
 - Level 2.1 Dodging
 - Level 1.0 Spellcasting
 - Level 2.0 Hexes


You had 4 spell levels left.
You knew the following spells:

 Your Spells              Type           Power      Damage    Failure   Level
a - Slow                  Hex            16%        N/A       32%         1

Your spell library contained the following spells:

 Spells                   Type           Power      Damage    Failure   Level
 Inner Flame              Hex/Fire       2%         N/A       83%         3
 Portal Projectile        Hex/Tloc       4%         N/A       83%         3
 Cause Fear               Hex            2%         N/A       97%         4

Inventory:

Hand Weapons
 Y - a +1 sling (weapon)
Armour
 a - a +0 ring mail (worn)
 i - a +0 pair of gloves (worn)
Jewellery
 f - a ring of resist corrosion
 g - a ring of protection from cold (left hand)
Scrolls
 c - a scroll of identify
 d - a scroll of teleportation
 j - a scroll of fear {unknown}
Potions
 b - a potion of cancellation
 e - a potion of heal wounds {unknown}
 h - a potion of degeneration {unknown}

Dungeon Overview and Level Annotations

Branches:
Dungeon (4/15)
 Temple: D:4-7

Altars:
Dithmenos
Kikubaaqudgha
Nemelex Xobeh
Qazlal
Trog
Uskayaw
Wu Jian

Annotations:
D:3 1 runed translucent door, qw's ghost, amateur GrHs


Message History

An ogre comes into view. It is wielding a +0 giant club.
Enter note:
Enter note: You shoot a sling bullet.
The sling bullet hits the ogre!
The ogre is moderately wounded.
You shoot a sling bullet.
The sling bullet hits the ogre but does no damage.
The ogre is moderately wounded.
The ogre barely misses you.
You shoot a sling bullet.
The sling bullet hits the ogre but does no damage.
The ogre is moderately wounded.
The ogre hits you with a +0 giant club!
You shoot a sling bullet. The sling bullet hits the ogre.
The ogre is moderately wounded.
The ogre closely misses you. You furiously retaliate!
You headbutt the ogre. You shoot a sling bullet.
The sling bullet hits the ogre.
The ogre is severely wounded.
The ogre closely misses you.
You shoot a sling bullet.
The sling bullet barely misses the ogre.
The ogre closely misses you.
You shoot a sling bullet. The sling bullet hits the ogre.
The ogre is severely wounded.
The ogre barely misses you.
You shoot a sling bullet.
The sling bullet hits the ogre but does no damage.
The ogre is severely wounded.
The ogre barely misses you.
You shoot a sling bullet.
The sling bullet barely misses the ogre.
You shoot a sling bullet.
The sling bullet hits the ogre but does no damage.
The ogre is severely wounded.
The ogre hits you with a +0 giant club!
You shoot a sling bullet. The sling bullet hits the ogre.
The ogre is severely wounded.
The ogre hits you with a +0 giant club!!
Ouch! That really hurt!
You die...

##########.####....#
####..#.###......
....).............
####.###.#....#####
...###..>..##8....
#.#...##....#... #
#...#.....#...
...#...O.....#...
.......@.....#...
####.........#...
#...#.....#...
#..?##....#... ####
##!..##8. ....##
..!... #...


You could see an ogre.

Vanquished Creatures
  Robin (D:2)
  A gnoll (D:1)
  4 adders
  4 orcs (D:4)
  8 ball pythons
  4 bats (D:1)
  An endoplasm (D:1)
  3 giant cockroaches
  8 hobgoblins
  2 frilled lizards (D:1)
  13 goblins
  4 kobolds
  3 rats
56 creatures vanquished.

Notes
Turn   | Place    | Note
-------+----------+-------------------------------------------
     0 | D:1      | qw the Minotaur Hexslinger began the quest for the Orb.
     0 | D:1      | Reached XP level 1. HP: 16/16 MP: 1/1
     0 | D:1      | 0 ||| qw: Version: 0.3-a-46-gb1f654a
     0 | D:1      | 0 ||| qw: Game counter: 2187
     0 | D:1      | 0 ||| qw: Melee chars always use a shield: true
     0 | D:1      | 0 ||| qw: God list: Okawaru
     0 | D:1      | 0 ||| qw: Allow faded altars: false
     0 | D:1      | 0 ||| qw: Do Orc after clearing Dungeon:15 true
     0 | D:1      | 0 ||| qw: Do second Lair branch before Depths: true
     0 | D:1      | 0 ||| qw: Lair rune preference: random
     0 | D:1      | 0 ||| qw: Goals: Normal
     0 | D:1      | 0 ||| PLANNING D:1-11
   162 | D:1      | Reached skill level 3 in Ranged Weapons
   224 | D:1      | Reached XP level 2. HP: 23/23 MP: 2/2
   355 | D:1      | Reached XP level 3. HP: 25/29 MP: 3/3
   558 | D:1      | 558 ||| UPGRADING to +0 leather armour.
   568 | D:1      | 568 ||| DROPPING +0 robe.
   569 | D:1      | 569 ||| UPGRADING to ring of protection from cold.
   570 | D:1      | 570 ||| READING scroll labelled DAEXI VIESOTRE.
   571 | D:1      | 571 ||| DROPPING scroll of poison.
   643 | D:2      | Found Oqeluy Gecu's Armour Shop.
   842 | D:2      | Reached skill level 4 in Ranged Weapons
  1147 | D:2      | 1147 ||| UPGRADING to +0 ring mail.
  1157 | D:2      | 1157 ||| DROPPING +0 leather armour.
  1158 | D:2      | 1158 ||| READING scroll labelled UXKELUJOLY.
  1161 | D:2      | 1161 ||| READING 2 scrolls of identify.
  1161 | D:2      | 1161 ||| IDENTIFYING gluggy blue potion
  1162 | D:2      | 1162 ||| DROPPING potion of lignification.
  1172 | D:3      | Found a hide-covered altar of Uskayaw.
  1173 | D:3      | Noticed a +0 dagger
  1173 | D:3      | Noticed a +0 hand axe
  1178 | D:3      | Noticed Robin
  1185 | D:3      | 1185 ||| STAIRDANCE
  1194 | D:2      | Killed Robin
  1195 | D:2      | Reached skill level 1 in Armour
  1215 | D:3      | Reached XP level 4. HP: 34/36 MP: 4/4
  1257 | D:3      | Found a runed translucent door.
  1257 | D:3      | Noticed qw's ghost (amateur GrHs)
  1848 | D:3      | 1848 ||| UPGRADING to +0 pair of gloves.
  1853 | D:3      | 1853 ||| READING scroll labelled EXEUKKIO MOPP.
  1854 | D:3      | 1854 ||| READING scroll labelled VUTHUENUGITH.
  1855 | D:3      | 1855 ||| READING 2 scrolls labelled ZYOXZE NODAZ HOI.
  1856 | D:3      | 1856 ||| READING 2 scrolls of identify.
  1856 | D:3      | 1856 ||| IDENTIFYING lumpy golden potion
  1857 | D:3      | 1857 ||| DROPPING scroll of vulnerability.
  1883 | D:4      | 1883 ||| STAIRDANCE
  1983 | D:4      | Found a bloodstained altar of Trog.
  1983 | D:4      | Found a stormy altar of Qazlal.
  1983 | D:4      | Found an ornate altar of the Wu Jian Council.
  1983 | D:4      | Found an ancient bone altar of Kikubaaqudgha.
  1999 | D:4      | Reached skill level 5 in Ranged Weapons
  1999 | D:4      | Found a shadowy altar of Dithmenos.
  1999 | D:4      | Found a sparkling altar of Nemelex Xobeh.
  2062 | D:4      | Noticed an ogre
  2073 | D:4      | Slain by an ogre

Levels and vault maps discovered:
D:1:      roderic_crossed_star, layout_rooms, nicolae_grassy_gnolls
D:2:      layout_rooms, serial_aquarium, aquarium_bridge_long_separate
          [aquarium_subvault_balcony, aquarium_subvault_bridge,
          aquarium_subvault_bridge, aquarium_subvault_bridge,
          aquarium_subvault_wall, aquarium_subvault_bridge],
          aquarium_window_corridor_1, aquarium_window_fake, aquarium_window_1,
          aquarium_window_fake, aquarium_view_2c, aquarium_balcony_1b,
          aquarium_pool_four, serial_shops, shop, minmay_domino_2
D:3:      layout_rooms, dancing_weapons_uskayaw, gammafunk_ghost_grave,
          uniq_crazy_yiuf_cottage, uniq_robin
D:4:      minmay_wonky_spiral, layout_rooms, minmay_overflow_temple_hex,
          gammafunk_ghost_arena

Skill      XL: |  1  2  3  4 |
---------------+-------------+-----
Ranged Weapons | 3 4 5 |  5.0
Fighting       | 2 |  2.0
Armour         | 1 |  1.6
Dodging        | |  2.1
Spellcasting   | |  1.0
Hexes          | |  2.0

Action                     |  1- 3 |  4- 6 || total
---------------------------+-------+-------++-------
   Fire: Sling             |    89 |    80 ||   169
    Use: Scroll            |     3 |     4 ||     7
 Armour: Robe              |     1 |       ||     1
         Ring mail         |     5 |     7 ||    12
         Leather armour    |     4 |       ||     4
  Dodge: Dodged            |    39 |    33 ||    72

Table legend:
 A = Non-vault XP
 B = Vault XP
 C = Vault XP percentage of total XP
 D = Non-vault monster count
 E = Vault monster count
 F = Vault count percentage of total count
                 A         B        C        D         E       F
            +---------+---------+-------+---------+---------+-------
      Total |     118 |      56 |  32.2 |      41 |      15 |  26.8
            +---------+---------+-------+---------+---------+-------
        D:1 |      28 |      15 |  34.9 |      17 |       1 |   5.6
        D:2 |      21 |      19 |  47.5 |       5 |       3 |  37.5
        D:3 |      37 |      22 |  37.3 |       9 |      11 |  55.0
        D:4 |      32 |       0 |   0.0 |      10 |       0 |   0.0
            +---------+---------+-------+---------+---------+-------
